AoeStats
← 涂山红红

Arena

510326466Analyzed
1v1 RM · 20h ago on Sep 30, 2026· 38m 20s· 2 players
Game mode
Random Map
Map size
Tiny (2 player)
Population
200
Speed
Normal
Resources
Standard
Victory
Conquest
Starting age
Dark Age
Ending age
Imperial Age
RankedLock teamsTeams togetherTeam positionsShared explorationLock speedFull tech treeHidden civsTurbo modeCheats
Victory
Defeat
🇨🇳 Britons · China
689
+16
🇹🇷 Aztecs · Türkiye
686
-16
Alfredo
8:16 Loom
10:03 Feudal Age
15:21 Castle Age
15:39 Double-Bit Axe
18:00 Scale Mail Armor
18:11 Forging
23:41 Fletching
23:36 Elite Skirmisher
25:45 Padded Archer Armor
32:09 Bodkin Arrow
32:51 Leather Archer Armor
34:15 Squires
34:03 Arson
34:38 Chain Mail Armor
39:12 Imperial Age
39:57 Imperial Age
38:05 Wheelbarrow
37:17 Town Watch
37:23 Eagle Warrior
39:08 Iron Casting
涂山红红
0:34 Loom
0:50 Loom
10:56 Feudal Age
15:14 Castle Age
13:13 Double-Bit Axe
14:13 Stone Mining
16:49 Fletching
17:47 Fletching
20:17 Ballistics
22:12 Bodkin Arrow
27:14 Padded Archer Armor
29:06 Leather Archer Armor
30:10 Gold Mining
31:12 Wheelbarrow
35:41 Imperial Age
36:47 Bracer
37:51 Chemistry
37:30 Hand Cart
38:42 Ring Archer Armor
Connection lost

Rejoining the realm…

Still unreachable

The connection could not be restored.

Session expired

The server has moved on; the page needs a fresh start.